Map: Temple gelé

Players

pupu - Winner!

  • Race: Protoss Protoss
  • League: Silver

FabulousRedP

  • Race: Protoss Protoss

VOD

Have the link to the VOD?

Description

Time

  • Played on: April 1, 2016, 3:25 p.m.
  • Length: 10:15
Show
View Real Time Build Order
Export as new Build Order

pupu Protoss - Winner!

Build Orders: Oracle Opening 

Get SALT Encoding   

  12  0:01  Probe (Chrono Boost)  
  13  0:12  Probe (Chrono Boost)  
  14  0:18  Pylon  
  14  0:22  Probe (Chrono Boost)  
  15  0:36  Probe (Chrono Boost)  
  15  0:38  Gateway  
  16  0:47  Probe (Chrono Boost)  
  17  0:51  Assimilator  
  17  0:57  Probe (Chrono Boost)  
  17  0:59  Assimilator  
  18  1:08  Probe (Chrono Boost)  
  19  1:11  Pylon  
  19  1:19  Probe (Chrono Boost)  
  20  1:29  Probe (Chrono Boost)  
  20  1:32  Forge  
  21  1:38  Cybernetics Core  
  21  1:41  Probe (Chrono Boost)  
  22  1:49  Zealot  
  24  2:02  Probe (Chrono Boost)  
  24  2:03  Pylon  
  25  2:09  Pylon  
  25  2:19  Stargate  
  25  2:22  Probe (Chrono Boost)  
  26  2:26  Warp Gate (Chrono Boost)  
  26  2:34  Stalker  
  28  2:46  Photon Cannon  
  28  2:54  Photon Cannon  
  30  3:08  Oracle (Chrono Boost)  
  31  3:16  Stalker  
  31  3:50  Stalker (Chrono Boost)  
  17  4:55  Stalker  
  19  5:05  Probe  
  20  5:16  Pylon  
  20  5:18  Pylon  
  20  5:21  Pylon  
  20  5:24  Pylon  
  20  5:28  Stalker, Pylon  
  22  5:39  Gateway  
  22  5:41  Gateway  
  21  5:53  Stalker  
  23  6:10  Probe, Gateway  
  24  6:13  Gateway  
  24  6:23  Probe  
  25  6:32  Stalker  
  27  6:35  Probe, Zealot  
  30  6:47  Mothership Core  
  30  6:49  Stalker  
  32  7:43  Nexus  
  32  7:44  Pylon  
  32  7:51  Stalker x4  
  40  8:13  Stalker  
  40  8:14  Stalker  
  44  8:20  Probe  
  45  8:32  Probe  
  46  8:54  Probe  
  47  8:56  Stalker x2  
  47  8:59  Sentry x2  
  55  9:06  Probe  
  56  9:26  Stalker  
  56  9:27  Stalker  
  56  9:29  Stalker  
Show
View Real Time Build Order
Export as new Build Order

FabulousRedP Protoss 

Build Orders:  

Get SALT Encoding   

  12  0:06  Probe (Chrono Boost)  
  13  0:16  Probe (Chrono Boost)  
  13  0:21  Pylon  
  14  0:28  Assimilator  
  14  0:29  Probe (Chrono Boost)  
  15  0:40  Probe (Chrono Boost)  
  16  0:44  Gateway  
  16  0:50  Probe (Chrono Boost)  
  17  1:01  Probe (Chrono Boost)  
  18  1:05  Assimilator  
  19  1:11  Probe (Chrono Boost)  
  19  1:21  Pylon  
  19  1:22  Probe (Chrono Boost)  
  20  1:30  Gateway  
  20  1:36  Cybernetics Core  
  20  1:42  Pylon  
  20  1:47  Probe (Chrono Boost)  
  21  1:52  Pylon  
  21  1:57  Probe (Chrono Boost)  
  23  2:08  Probe (Chrono Boost)  
  23  2:12  Warp Gate  
  23  2:19  Mothership Core (Chrono Boost)  
  23  2:20  Adept x2  
  29  2:30  Gateway  
  29  2:47  Adept x2  
  33  3:14  Adept x2  
  37  3:36  Pylon  
  36  3:48  Adept x2  
  36  3:53  Adept  
  10  5:16  Stalker  
  10  5:17  Stalker  
  10  5:20  Stalker  
  16  5:26  Probe (Chrono Boost)  
  13  5:37  Probe (Chrono Boost)  
  14  5:47  Probe (Chrono Boost)  
  15  5:58  Probe (Chrono Boost)  
  15  6:01  Nexus  
  16  6:08  Probe (Chrono Boost)  
  17  6:19  Probe (Chrono Boost)  
  17  6:20  Pylon  
  18  6:29  Probe (Chrono Boost)  
  20  6:40  Probe (Chrono Boost)  
  20  6:50  Probe (Chrono Boost)  
  21  7:01  Probe (Chrono Boost)  
  22  7:11  Probe (Chrono Boost)  
  23  7:16  Probe (Chrono Boost)  
  23  7:22  Probe (Chrono Boost)  
  25  7:27  Probe (Chrono Boost)  
  26  7:32  Probe (Chrono Boost)  
  27  7:41  Probe (Chrono Boost)  
  27  7:43  Probe (Chrono Boost)  
  29  7:51  Probe (Chrono Boost)  
  29  7:53  Probe (Chrono Boost)  
  31  8:02  Probe (Chrono Boost), Twilight Council  
  31  8:04  Probe (Chrono Boost)  
  33  8:08  Pylon  
  33  8:10  Pylon  
  34  8:13  Probe (Chrono Boost)  
  34  8:15  Probe (Chrono Boost)  
  35  8:23  Probe (Chrono Boost)  
  36  8:30  Pylon  
  36  8:34  Probe (Chrono Boost)  
  33  8:41  Pylon  
  33  8:54  Probe (Chrono Boost)  
  34  9:02  Forge  
  34  9:04  Probe (Chrono Boost)  
  34  9:09  Templar Archives  
  35  9:13  Probe (Chrono Boost)  
  35  9:15  Probe (Chrono Boost)  
  37  9:23  Probe (Chrono Boost)  
  38  9:25  Probe (Chrono Boost)  
  38  9:30  Adept x2  
  38  9:31  Adept  
  45  9:34  Probe (Chrono Boost)  
  45  9:36  Probe (Chrono Boost)  
  47  9:43  Photon Cannon  
  47  9:46  Probe (Chrono Boost)  
  47  9:49  Probe (Chrono Boost)  
  49  9:57  Probe (Chrono Boost)  
Tags
 
Add a new tag
Caveats
  • Supply blocks, unpowered buildings, or Contaminate may cause inaccurate times.
  • Supply counts are checked every 10 seconds.